cohdb
Replays
Latest Replays
All Replays
Popular Replays
Top Player Replays
Match Explorer
How It Works
Community
CoH3 Stats
Reddit
Sign in to upload your games and track your stats! →
Sign in with Steam
Match 43674088
Unlisted
Match 43674088
Overview
Messages
Build Orders
End
Pioneer Squad
Construct Infanterie Kompanie
Selects Breakthrough Battlegroup
Selects Assault Grenadiers
MG 42 Machine Gun Team
MG 42 Machine Gun Team
GrW 34 Mortar Team
Grenadier Squad
Construct Luftwaffe Kompanie
221 Scout Car
Selects Rapid Production
Jäger Squad
Jäger Squad
Support Elements
Construct Panzergrenadier Kompanie
Nebelwerfer 42 Rocket Launcher Team
Wirbelwind Flakpanzer
Side Skirts
Selects Blitzkrieg
StuG III G Assault Gun
Pioneer Squad
Selects Panzer IV Command Tank Sd.Kfz. 161/1
Selects Smoke Bombing Run
Selects Incendiary Bombing Run
Incendiary Bombing Run
Incendiary Bombing Run
Pioneer Squad
StuG III G Assault Gun
StuG III G Assault Gun
Wirbelwind Flakpanzer
Pioneer Squad
Nebelwerfer 42 Rocket Launcher Team
Grenadier Squad
Smoke Bombing Run
StuG III G Assault Gun
Jäger Squad
Pioneer Squad
MG 42 Machine Gun Team
Panzer IV Command Tank
Pioneer Squad
Gwangju's Hero Chun Doo-gwang
freedman1984
Roopdiggity
Luft Waffle
LoCo|StetoGuy
Onkor
SaberNeir
MaPa
0
0
Comments
sign in to comment!
No comments posted yet!